 Dungeon Crawl Stone Soup version 0.29-a0-23-ga79f92ac9c (webtiles) character file.

Game seed: 7395023437368033164

32 bande the Covered (level 3, -1/23 HPs)
             Began as a Gargoyle Fighter on Jan 31, 2022.
             Slain by Terence (4 damage)
             ... on level 2 of the Dungeon.
             The game lasted 00:02:10 (1710 turns).

bande the Covered (Gargoyle Fighter)                Turns: 1710, Time: 00:02:10

Health: -1/23      AC: 10    Str: 19    XL:     3   Next: 25%
Magic:  3/3        EV:  9    Int:  8    God:
Gold:   47         SH:  4    Dex: 11    Spells: 2/2 levels left

rFire   . . .      SeeInvis .   a - +0 war axe (chaos)
rCold   . . .      Faith    .   c - +0 buckler
rNeg    + . .      Spirit   .   b - +0 scale mail
rPois   ∞          Reflect  .   (no helmet)
rElec   +          Harm     .   (no cloak)
rCorr   .          Rampage  .   (no gloves)
Will    .....                   (no boots)
Stlth   ..........              (no amulet)
HPRegen 0.07/turn               (no ring)
MPRegen 0.08/turn               (no ring)

@: no status effects
A: sickness immunity, AC +3, negative energy resistance 1, electricity
resistance, torment resistance 1, petrification resistance
a: no special abilities


You were on level 2 of the Dungeon.
You visited 1 branch of the dungeon, and saw 2 of its levels.

You collected 47 gold pieces.

Inventory:

Hand Weapons
 a - a +0 war axe of chaos (weapon)
Armour
 b - a +0 scale mail (worn)
 c - a +0 buckler (worn)
Scrolls
 f - a scroll of teleportation {unknown}
 g - a scroll of immolation {unknown}
Potions
 d - 2 potions of might
 e - 3 potions of curing {unknown}


   Skills:
 + Level 3.6 Fighting
 + Level 2.4 Axes
 + Level 3.7 Armour
 + Level 3.5 Shields


You had 2 spell levels left.
You didn't know any spells.
Your spell library was empty.

Dungeon Overview and Level Annotations

Branches:
Dungeon (2/15)

Altars:

Annotations:
D:2 Terence


Innate Abilities, Weirdness & Mutations

You are immune to sickness and miasma.
Your stone body is resilient. (AC +3)
You are immune to poison.
You resist negative energy. (rN+)
You are resistant to electric shocks. (rElec)
You are resistant to unholy torment.
You are immune to petrification.


Message History

No target in view!
No target in view!
Things that are here:
a +0 club; a kobold corpse You open the door.
Found a faded altar of an unknown god.
There is an open door here.
Things that are here:
a +0 club; a kobold corpse Terence and an endoplasm come into view.
Terence is wielding a +0 short sword and carrying a wand of flame (5).
Terence shouts!
The endoplasm quivers.
Terence zaps a wand.
The puff of flame hits you.
You hit the endoplasm.
The endoplasm is moderately wounded.
The endoplasm freezes you.
You are frozen.
You slash the endoplasm! You burn the endoplasm.
You kill the endoplasm!
No target in view!
No target in view!
No target in view!
Terence is nearby!
Found an amethyst potion.
You hit Terence. You burn Terence.
Terence is heavily wounded.
Terence zaps a wand.
The puff of flame hits you!
Ouch! That really hurt!
* * * LOW HITPOINT WARNING * * *
You are too injured to fight recklessly!
You are too injured to fight recklessly!
You are too injured to fight recklessly!
You are too injured to fight recklessly!
You are too injured to fight recklessly!
You are too injured to fight recklessly!
You closely miss Terence.
Terence is heavily wounded.
Terence hits you with a +0 short sword.
You die...

# #.##### ##
#.....# .## #####.#
#.###############.#
#.................#
#.##############..#
..# ######..# #.#
#.......## #.#
#.####@..# #.#
.......@#.# #.#
#.........# #.#
#!###.##.## ... #.
.. ..# ## ..# ..#
..#


You could see Terence.

Vanquished Creatures
  3 dart slugs (D:1)
  2 bats (D:1)
  5 endoplasms
  A giant cockroach (D:1)
  A hobgoblin (D:1)
  2 jackals (D:1)
  2 quokkas (D:1)
  A ball python (D:2)
  A frilled lizard (D:1)
  A goblin (D:1)
  3 kobolds
  2 rats (D:1)
24 creatures vanquished.

Notes
Turn   | Place    | Note
-------+----------+-------------------------------------------
     0 | D:1      | bande the Gargoyle Fighter began the quest for the Orb.
     0 | D:1      | Reached XP level 1. HP: 14/14 MP: 1/1
   191 | D:1      | Reached XP level 2. HP: 10/19 MP: 2/2
  1278 | D:1      | Reached XP level 3. HP: 23/23 MP: 3/3
  1672 | D:2      | Found a faded altar of an unknown god.
  1703 | D:2      | Noticed Terence
  1710 | D:2      | Slain by Terence

Illustrated notes

Levels and vault maps discovered:
D:1:      scummos_arrival_forest, layout_basic, minmay_misc_feat_diagonals,
          chequers_garden
D:2:      layout_loops_ring, basic_altar, shapermc_ecumenical_altar_flowoftime,
          solitary_fountain, uniq_terence, uniq_sigmund

Skill      XL: |  1  2 |
---------------+-------+-----
Axes           | 2 |  2.4
Fighting       | |  3.6
Armour         | |  3.7
Shields        | |  3.5

Action                   || total
-------------------------++-------
Melee: War axe           ||    62
  Use: Scroll            ||     2
Armor: Scale mail        ||    35
Dodge: Dodged            ||    15
Block: Buckler           ||     9

Table legend: (Time is in decaauts)
 A = Elapsed time spent in this place.
 B = Non-inter-level travel time spent in this place.
 C = Inter-level travel time spent in this place.
 D = Time resting spent in this place.
 E = Time spent auto-exploring this place.
 F = Levels seen in this place.
 G = Mean time per level.
                   A        B        C        D        E       F      G
               +--------+--------+--------+--------+--------+-----+--------+
         Total |   1735 |   1714 |     21 |    672 |    877 |   2 |  867.5 |
       Dungeon |   1735 |   1714 |     21 |    672 |    877 |   2 |  867.5 |
               +--------+--------+--------+--------+--------+-----+--------+

Top non-repeatable levels by time:
     D:1: 1580 daAuts
     D:2: 155 daAuts
